 Dungeon Crawl Stone Soup version 0.26-a0-455-g0958c023ba (webtiles) character file.

Game seed: 15839440558920809775

202 gruber the Insei (level 5, -1/37 HPs)
             Began as a Merfolk Transmuter on July 28, 2020.
             Slain by an orc (4 damage)
             ... on level 4 of the Dungeon.
             The game lasted 00:03:59 (3504 turns).

gruber the Insei (Merfolk Transmuter)               Turns: 3504, Time: 00:04:00

Health: -1/37      AC:  2    Str: 10    XL:     5   Next: 80%
Magic:  8/8        EV: 13    Int: 13    God:
Gold:   167        SH:  0    Dex: 15    Spells: 2/8 levels left

rFire    . . .     SeeInvis .     - Unarmed
rCold    . . .     Faith    .   (no shield)
rNeg     . . .     Spirit   .   a - +0 robe
rPois    +         Reflect  .   (no helmet)
rElec    .         Harm     .   (no cloak)
rCorr    .                      (no gloves)
MR       .....                  (no boots)
Stlth    +.........             f - amulet of magic regeneration
HPRegen  0.12/turn              n - ring of poison resistance
MPRegen  0.36/turn              (no ring)

@: wereblooded
A: change form in water, swift swim, stealthy swim
a: no special abilities


You were on level 4 of the Dungeon.
You visited 1 branch of the dungeon, and saw 4 of its levels.

You collected 167 gold pieces.

Inventory:

Armour
 a - a +0 robe (worn)
Jewellery
 f - an amulet of magic regeneration (around neck)
 n - a ring of poison resistance (left hand)
Scrolls
 b - 3 scrolls of teleportation {unknown}
 d - a scroll of fog {unknown}
 e - a scroll of amnesia {unknown}
 h - 2 scrolls of identify {unknown}
 i - 2 scrolls of enchant armour {unknown}
 j - a scroll of remove curse {unknown}
 l - a scroll of enchant weapon {unknown}
Potions
 c - 2 potions of curing
 g - a potion of lignification {unknown}
 k - a potion of ambrosia {unknown}
 m - a potion of magic {unknown}
 o - a potion of heal wounds {unknown}


   Skills:
 - Level 1.1 Fighting
 - Level 2.6 Dodging
 - Level 6.0 Unarmed Combat
 - Level 2.0 Spellcasting
 + Level 4.2 Transmutations
 + Level 1.5 Poison Magic


You had 2 spell levels left.
You knew the following spells:

 Your Spells              Type           Power        Failure   Level
a - Beastly Appendage     Tmut           ##....       4%          1
b - Wereblood             Tmut           ##......     7%          2
c - Spider Form           Tmut/Pois      #.........   24%         3

Your spell library contained the following spells:

 Spells                   Type           Power        Failure   Level
 Corona                   Hex            #......      26%         1
 Ensorcelled Hibernation  Hex/Ice        #.....       36%         2
 Confusing Touch          Hex            #.......     58%         3
 Dazzling Flash           Conj/Hex       #.....       58%         3
 Tukima's Dance           Hex            #.......     58%         3
 Ice Form                 Ice/Tmut       #.......     71%         4
 Blade Hands              Tmut           ##........   77%         5


Dungeon Overview and Level Annotations

Branches:
Dungeon (4/15)
 Temple: D:4-7

Altars:
Cheibriados
Gozag
Qazlal
Trog
Xom
Yredelemnul

Shops:
D:3 *


Message History

* * * LOW HITPOINT WARNING * * *
The worker ant bites you!
* * * LOW HITPOINT WARNING * * *
Unknown command.
Unknown command.
You punch the worker ant!
You kill the worker ant!
The orc closely misses you.
You hit the orc.
The orc is almost dead.
You howl as the wereblood boils in your veins!
The orc barely misses you.
You barely miss the orc. You punch the orc, but do no damage.
The orc is almost dead.
You howl as the wereblood boils in your veins!
The orc misses you.
You barely miss the orc. Your punch misses the orc.
The orc is almost dead.
The orc hits you.
You die...

...... ....( ......# #...
...... ....... ... #.....##
.s...(. ... ######.......#
....... ...#...........#..
....... #.#.............#.
.......##### ..[..............
...........###o..............#
.....#####..†@...............#
### #..#######.........<# #..#
### #..........#
#..#######...........
#..+.._..'..#.....###
#..###.###.######## #..# #.#
#.# #..###'###.# #..........#


You could see an orc.

Vanquished Creatures
  A bullfrog skeleton (D:4)
  A worker ant (D:4)
  Robin (D:2)
  2 adders
  A white imp (D:3)
  An ooze (D:3)
  A worm (D:3)
  A dart slug (D:1)
  8 leopard geckos
  12 orcs (D:3)
  2 ball pythons (D:3)
  9 bats
  2 giant cockroaches
  17 goblins
  10 hobgoblins
  6 kobolds
  A quokka (D:2)
  A frilled lizard (D:3)
  4 rats
81 creatures vanquished.

Notes
Turn   | Place    | Note
-------+----------+-------------------------------------------
     0 | D:1      | gruber the Merfolk Transmuter began the quest for the Orb.
     0 | D:1      | Reached XP level 1. HP: 15/15 MP: 3/3
   109 | D:1      | Reached XP level 2. HP: 6/21 MP: 3/5
   543 | D:1      | Reached skill level 4 in Unarmed Combat
   996 | D:1      | Reached XP level 3. HP: 22/26 MP: 6/6
  1390 | D:1      | Learned a level 2 spell: Wereblood
  1394 | D:1      | Learned a level 3 spell: Spider Form
  1685 | D:2      | Identified the cursed +0 helmet "Mex Sat" {Harm}
  1685 | D:2      | Noticed Robin
  1693 | D:2      | Killed Robin
  1836 | D:2      | Reached XP level 4. HP: 22/32 MP: 7/7
  2187 | D:2      | Reached skill level 5 in Unarmed Combat
  2553 | D:2      | Found a faded altar of an unknown god.
  2982 | D:3      | Found a basalt altar of Yredelemnul.
  3049 | D:3      | Found a bloodstained altar of Trog.
  3049 | D:3      | Found a snail-covered altar of Cheibriados.
  3050 | D:3      | Found a shimmering altar of Xom.
  3096 | D:3      | Reached XP level 5. HP: 35/37 MP: 6/8
  3206 | D:3      | Reached skill level 6 in Unarmed Combat
  3291 | D:3      | Found an opulent altar of Gozag.
  3297 | D:3      | Found Gozag's Platinum Reserve.
  3354 | D:4      | Reached skill level 1 in Poison Magic
  3456 | D:4      | Found a stormy altar of Qazlal.
  3504 | D:4      | Slain by an orc

Illustrated notes

Levels and vault maps discovered:
D:1:      ncdulo_smallfort, layout_loops_ring
D:2:      layout_basic, chequers_ecumenical_altar_lobes, due_unseen_surprise,
          uniq_robin
D:3:      layout_rooms, chequers_temple_overflow_statue_of_worship,
          nicolae_gozag_zags_fifth_avenue
D:4:      layout_rooms, lemuel_doored_altar, st_stairs_8, uniq_menkaure

Skill      XL: |  1  2  3  4  5 |
---------------+----------------+-----
Unarmed Combat | 4 5 6 |  6.0
Transmutations | 3 4 |  4.2
Poison Magic   | 1 |  1.5
Fighting       | |  1.1
Dodging        | |  2.6
Spellcasting   | |  2.0

Action                   |  1- 3 |  4- 6 || total
-------------------------+-------+-------++-------
Melee: Unarmed           |   123 |   132 ||   255
       Punch             |     3 |     4 ||     7
       Headbutt          |     1 |     2 ||     3
 Cast: Beastly Appendage |     3 |     1 ||     4
       Spider Form       |     1 |     4 ||     5
       Wereblood         |     1 |     1 ||     2
  Use: Potion            |     1 |       ||     1
 Stab: Sleeping          |     2 |       ||     2
Armor: Robe              |    14 |    21 ||    35
Dodge: Dodged            |    78 |   101 ||   179

Table legend: (Time is in decaauts)
 A = Elapsed time spent in this place.
 B = Non-inter-level travel time spent in this place.
 C = Inter-level travel time spent in this place.
 D = Time resting spent in this place.
 E = Time spent auto-exploring this place.
 F = Levels seen in this place.
 G = Mean time per level.
                   A        B        C        D        E       F      G
               +--------+--------+--------+--------+--------+-----+--------+
         Total |   3481 |   3401 |     80 |    239 |   2635 |   4 |  870.2 |
       Dungeon |   3481 |   3401 |     80 |    239 |   2635 |   4 |  870.2 |
               +--------+--------+--------+--------+--------+-----+--------+

Top non-repeatable levels by time:
     D:1: 1596 daAuts
     D:2: 1179 daAuts
     D:3: 546 daAuts
     D:4: 159 daAuts
